 Dungeon Crawl Stone Soup version 0.28.0-45-g0d030f2227 (webtiles) character file.

Game seed: 13982174662016978192

59 L33tCrusader the Skirmisher (level 3, 0/29 HPs)
             Began as a Demonspawn Abyssal Knight on Apr 7, 2022.
             Was a Follower of Lugonu.
             Slain by a worm (10 damage)
             ... on level 2 of the Dungeon.
             The game lasted 00:04:25 (2238 turns).

L33tCrusader the Skirmisher (DsAK)                  Turns: 2238, Time: 00:04:26

Health: 0/29       AC:  3    Str: 15    XL:     3   Next: 78%
Magic:  5/5        EV: 11    Int: 11    God:    Lugonu [*.....]
Gold:   80         SH:  4    Dex: 13    Spells: 2/2 levels left

rFire   . . .      SeeInvis .   a - +1 hand axe
rCold   . . .      Faith    .   (no shield)
rNeg    . . .      Spirit   .   b - +0 leather armour
rPois   .          Reflect  .   (no helmet)
rElec   .          Harm     .   (no cloak)
rCorr   .          Rampage  .   (no gloves)
Will    .....                   (no boots)
Stlth   +.........              (no amulet)
HPRegen 0.09/turn               (no ring)
MPRegen 0.09/turn               (no ring)

@: no status effects
A: large bone plates 1, demonic magic 1
a: Renounce Religion, Depart the Abyss


You were on level 2 of the Dungeon.
You worshipped Lugonu.
Lugonu was aware of your devotion.
You visited 1 branch of the dungeon, and saw 2 of its levels.
You visited the Abyss 1 time.

You collected 80 gold pieces.

Inventory:

Hand Weapons
 a - a +1 hand axe (weapon)
Armour
 b - a +0 leather armour (worn)
Scrolls
 d - a scroll of identify {unknown}
 f - a scroll of teleportation {unknown}
Potions
 c - a potion of flight {unknown}
 e - a potion of haste {unknown}
 g - a potion of heal wounds {unknown}


   Skills:
 + Level 3.3 Fighting
 * Level 2.4 Axes
 + Level 2.2 Armour
 + Level 1.6 Dodging
 + Level 3.1 Invocations


You had 2 spell levels left.
You didn't know any spells.
Your spell library was empty.

Dungeon Overview and Level Annotations

Branches:
Dungeon (2/15)

Altars:


Innate Abilities, Weirdness & Mutations

You are partially covered in large bone plates. (SH +4)
Spells you cast may paralyse adjacent enemies.


Message History

A giant cockroach comes into view.
A giant cockroach is nearby! 2 worms come into view.
You closely miss the giant cockroach.
The giant cockroach waves its antennae.
You block the giant cockroach's attack.
You hit the giant cockroach but do no damage.
The giant cockroach barely misses you.
You hit the giant cockroach.
The giant cockroach is moderately wounded.
The giant cockroach barely misses you. You block the giant cockroach's attack.
You hit the giant cockroach.
The giant cockroach is almost dead.
You hit the worm. The giant cockroach barely misses you.
The worm barely misses you.
You hit the worm.
The worm is moderately wounded.
You closely miss the giant cockroach. The giant cockroach misses you.
You hit the worm.
The worm is severely wounded.
You hit the giant cockroach but do no damage.
The giant cockroach barely misses you. The worm bites you.
You block the giant cockroach's attack.
You hit the worm.
The worm is severely wounded.
You closely miss the giant cockroach. The giant cockroach barely misses you.
The worm bites you!
You hit the worm.
The worm is moderately wounded.
You hit the worm. You hit the giant cockroach.
You kill the giant cockroach!
Lugonu accepts your kill. The worm bites you. The worm bites you!
You barely miss the worm.
The worm is moderately wounded.
You hit the worm but do no damage. You completely miss the worm.
The worm is severely wounded.
You hit the worm. The worm completely misses you. The worm bites you!
You die...

#...........#....##
##.#..............##
#.#..###..##......##
#.#.......†.........
#.#..##......#.###..
#....##......#... .
...................
.............#####..
......w@..##.# .
...>....w.##.#
..........##.#
..............
......).......
...............
...............
..........##.##


You could see 2 worms.

Vanquished Creatures
  A hound (D:2)
  An iron imp (Abyss:1)
  3 dart slugs
  A bat (D:1)
  2 endoplasms (D:1)
  A giant cockroach (D:2)
  2 goblins (D:1)
  5 hobgoblins
  3 ball pythons (D:1)
  3 frilled lizards (D:1)
  A kobold (D:1)
  2 rats
25 creatures vanquished.

Notes
Turn   | Place    | Note
-------+----------+-------------------------------------------
     0 | Abyss:1  | L33tCrusader the Demonspawn Abyssal Knight began the quest
                  | for the Orb.
     0 | Abyss:1  | Reached XP level 1. HP: 18/18 MP: 2/2
   140 | Abyss:1  | Noticed an iron imp
   149 | Abyss:1  | Killed an iron imp
   150 | D:1      | Escaped the Abyss
   483 | D:1      | Reached skill level 1 in Dodging
   778 | D:1      | Gained mutation: Spells you cast may paralyse adjacent
                  | enemies. [demonic ancestry]
   778 | D:1      | Reached XP level 2. HP: 24/24 MP: 4/4
   983 | D:1      | Reached * piety under Lugonu
  1890 | D:2      | Found a faded altar of an unknown god.
  1934 | D:2      | Gained mutation: You are partially covered in large bone
                  | plates. (SH +4) [demonic ancestry]
  1934 | D:2      | Reached XP level 3. HP: 7/29 MP: 5/5
  2238 | D:2      | Slain by a worm

Illustrated notes

Levels and vault maps discovered:
D:1:      elethiomel_arrival_infinity_welcomes_careful_drivers, layout_basic
D:2:      layout_basic, hellmonk_ecumenical_altar_pennies_from_heaven,
          wad_orctagon

Skill      XL: |  1  2 |
---------------+-------+-----
Dodging        | 1 |  1.6
Axes           | 2 |  2.4
Armour         | 2 |  2.2
Invocations    | 3 |  3.1
Fighting       | |  3.3

Action                   || total
-------------------------++-------
Melee: Hand axe          ||    97
       Punch             ||     1
Invok: Depart the Abyss  ||     1
Armor: Leather armour    ||    16
Dodge: Dodged            ||    73
Block: Other             ||     3
